 Dungeon Crawl Stone Soup version 0.27.1-4-g1640c2035a (webtiles) character file.

Game seed: 3858031717537738295

129 raph the Stinger (level 4, -10/24 HPs)
             Began as a Deep Elf Venom Mage on Nov 17, 2021.
             Mangled by Crazy Yiuf (14 damage)
             ... on level 3 of the Dungeon.
             The game lasted 00:06:56 (3148 turns).

raph the Stinger (Deep Elf Venom Mage)              Turns: 3148, Time: 00:06:56

Health: -10/24     AC:  5    Str:  5    XL:     4   Next: 88%
Magic:  6/10       EV: 12    Int: 21    God:
Gold:   108        SH:  0    Dex: 15    Spells: 3/9 levels left

rFire    . . .     SeeInvis .   h - staff of poison
rCold    . . .     Faith    .   (no shield)
rNeg     . . .     Spirit   .   k - +2 animal skin
rPois    +         Reflect  .   l - +0 helmet
rElec    .         Harm     .   (no cloak)
rCorr    .         Rampage  .   (no gloves)
Will     .....                  (no boots)
Stlth    ++........             (no amulet)
HPRegen  0.08/turn              (no ring)
MPRegen  0.12/turn              (no ring)

@: no status effects
A: no striking features
a: no special abilities


You were on level 3 of the Dungeon.
You visited 1 branch of the dungeon, and saw 3 of its levels.

You collected 108 gold pieces.

Inventory:

Hand Weapons
 c - a +0 short sword
Armour
 a - a +0 robe
 f - a +0 leather armour
 k - a +2 animal skin (worn)
 l - a +0 helmet (worn)
Magical Staves
 h - a staff of poison (weapon)
Scrolls
 g - a scroll of amnesia {unknown}
 i - 2 scrolls of identify {unknown}
 j - a scroll of enchant armour {unknown}
Potions
 b - 3 potions of curing {unknown}
 d - a potion of cancellation {unknown}
 e - 4 potions of lignification {unknown}


   Skills:
 - Level 2.4 Dodging
 - Level 2.4 Stealth
 - Level 3.0 Spellcasting
 + Level 1.9 Conjurations
 - Level 1.1 Transmutations
 + Level 1.8 Air Magic
 + Level 5.2 Poison Magic


You had 3 spell levels left.
You knew the following spells:

 Your Spells              Type           Power      Damage    Failure   Level
a - Sting                 Tmut/Pois      96%        1d7       3%          1
b - Poisonous Vapours     Pois/Air       54%        N/A       4%          2
c - Mephitic Cloud        Conj/Pois/Air  23%        N/A       12%         3

Your spell library contained the following spells:

 Spells                   Type           Power      Damage    Failure   Level
 Olgreb's Toxic Radiance  Pois           38%        N/A       16%         4


Dungeon Overview and Level Annotations

Branches:
Dungeon (3/15)

Altars:

Annotations:
D:3 Crazy Yiuf


Message History

Aim: a worm (heavily wounded, extremely poisoned, 92% to hit)
You feel a surge of power!
The sting hits the worm.
The worm looks as sick as possible!
The worm is almost dead.
You kill the worm!
You start resting.
Magic restored.
Found a stone staircase leading down.
There is a stone staircase leading down here.
Found a mace.
Found a runed translucent door.
You open the door.
Aiming: Sting (safe; 3% risk of failure)
Press: ? - help, Q - select action, (/) - cycle Shift-Dir - straight line, f - Crazy Yiuf
Aim: Crazy Yiuf, wielding a +3 quarterstaff of chaos and wearing a +0 cloak (79% to hit)
You feel a surge of power!
The sting hits Crazy Yiuf but does no damage.
Crazy Yiuf is poisoned.
Aiming: Sting (safe; 3% risk of failure)
Press: ? - help, Q - select action, (/) - cycle Shift-Dir - straight line, f/p - Crazy Yiuf
Aim: Crazy Yiuf, wielding a +3 quarterstaff of chaos and wearing a +0 cloak (poisoned, 79% to hit)
You feel a surge of power!
The sting misses Crazy Yiuf.
Crazy Yiuf hits you with a +3 quarterstaff of chaos!
Crazy Yiuf freezes you.
Crazy Yiuf grits, "Liver!
Ten snail dark."
Crazy Yiuf screams, "Cards!
East head infinity."
Crazy Yiuf says, "Rot forty-two agre!"
Crazy Yiuf looks more healthy.
Casting: Sting (safe; 3% risk of failure)
Confirm with . or Enter, or press ? or * to list all spells.
Aiming: Mephitic Cloud (quite dangerous; 12% risk of failure)
Press: ? - help, Shift-Dir - straight line, p - Crazy Yiuf You feel a surge of power!
The ball explodes into a vile cloud!
The stinking cloud engulfs Crazy Yiuf but does no damage.
Crazy Yiuf is moderately wounded.
Crazy Yiuf whimpers, "Hack water bush!"
Crazy Yiuf hits you with a +3 quarterstaff of chaos!
* * * LOW HITPOINT WARNING * * *
You are electrocuted!
Ouch! That really hurt!
You die...

♣♣♣♣♣### #. ###
♣♣♣.♣§...## ..#
#...#♣..♣.☼....##
..#
#...'.♣♣♣♣.g@...#
..# #)..#♣♣ ♣♣.....#
..# ### ♣♣##..# ..#
#.## ..# #.#
..############ ##.#
.............####..#
#.....####........##
..#...######.######


You could see Crazy Yiuf.

Vanquished Creatures
  Jessica (D:3)
  Robin (D:2)
  An adder (D:2)
  A worm (D:3)
  2 dart slugs (D:1)
  A ball python (D:1)
  5 endoplasms
  3 giant cockroaches (D:1)
  11 goblins
  11 hobgoblins
  11 jackals (D:1)
  5 kobolds
  2 quokkas (D:3)
  3 bats
  4 frilled lizards
  3 rats
65 creatures vanquished.

Notes
Turn   | Place    | Note
-------+----------+-------------------------------------------
     0 | D:1      | raph the Deep Elf Venom Mage began the quest for the Orb.
     0 | D:1      | Reached XP level 1. HP: 10/10 MP: 6/6
   346 | D:1      | Reached skill level 4 in Poison Magic
   346 | D:1      | Reached XP level 2. HP: 15/15 MP: 4/8
   508 | D:1      | Found a faded altar of an unknown god.
   638 | D:1      | Learned a level 2 spell: Poisonous Vapours
  1071 | D:1      | Reached XP level 3. HP: 19/19 MP: 4/9
  1154 | D:1      | Learned a level 3 spell: Mephitic Cloud
  1886 | D:2      | Noticed Robin
  1895 | D:2      | Reached skill level 1 in Conjurations
  1925 | D:2      | Reached skill level 1 in Air Magic
  2089 | D:2      | Reached skill level 5 in Poison Magic
  2090 | D:2      | Reached XP level 4. HP: 24/24 MP: 6/10
  2457 | D:2      | Killed Robin
  2941 | D:3      | Noticed Jessica
  2945 | D:3      | Killed Jessica
  3134 | D:3      | Found a runed translucent door.
  3135 | D:3      | Noticed Crazy Yiuf
  3148 | D:3      | Mangled by Crazy Yiuf

Illustrated notes

Levels and vault maps discovered:
D:1:      dpeg_arrival_morbid_curiosity, layout_basic,
          shapermc_ecumenical_altar_notcrosses, minmay_hedge_maze
D:2:      layout_loops_cross, uniq_robin
D:3:      layout_rooms, kennysheep_generic_room_10, uniq_crazy_yiuf_cottage,
          uniq_jessica

Skill      XL: |  1  2  3 |
---------------+----------+-----
Poison Magic   | 4 5 |  5.2
Conjurations   | 1 |  1.9
Air Magic      | 1 |  1.8
Dodging        | |  2.4
Stealth        | |  2.4
Spellcasting   | |  3.0
Transmutations | |  1.1

Action                   |  1- 3 |  4- 6 || total
-------------------------+-------+-------++-------
Melee: Short sword       |    24 |       ||    24
       Staff             |       |     1 ||     1
 Cast: Sting             |    64 |    19 ||    83
       Poisonous Vapours |     8 |    15 ||    23
       Mephitic Cloud    |     1 |     1 ||     2
 Stab: Sleeping          |     1 |       ||     1
Armor: Robe              |     7 |       ||     7
       Leather armour    |     5 |     1 ||     6
Dodge: Dodged            |    44 |    10 ||    54
